[Event "Early-Titled-Tuesday-Blitz-March-05-2024"]
[Site "Chess.com"]
[Date "2024.03.05"]
[Round "5"]
[White "WindWhistler11"]
[Black "scarabee43"]
[Result "0-1"]
[WhiteElo "2523"]
[BlackElo "2880"]
[TimeControl "180+1"]
[EndTime "8:58:00 PST"]
[Termination "scarabee43 won by resignation"]

1. c4 Nf6 2. Nc3 e5 3. e3 b6 4. Nf3 e4 5. Ng5 Bb7 6. f3 exf3 7. Nxf3 g6 8. Be2 Bg7 9. O-O O-O 10. d3 d5 11. Nxd5 Nxd5 12. cxd5 Qxd5 13. e4 Qd6 14. Qe1 c5 15. Qh4 Nc6 16. Bf4 Qe7 17.
Bg5 Qe6 18. Bh6 Nd4 19. Bxg7 Nxf3+ 20. Rxf3 Kxg7 21. Raf1 Qe5 22. Rh3 h5 23. Bxh5 Rh8 24. Qf2 Raf8 25. Bg4 Rxh3 26. Bxh3 Ba6 27. Qe3 Qxb2 28.
e5 Qd4 29. Rf3 Rd8 30. e6 fxe6 31. Bxe6 Qxe3+ 32. Rxe3 Rxd3 33. Re1 Rd2 34. a3 Bb7 35. Bh3 Kf7 36. Rf1+ Ke7 37. Re1+ Kd8 38. Re6 c4 39. Rxg6 c3 40. Rg8+ Kc7 41. Rg7+ Kc6 42. Bf5 Ba6 43. Be4+ Kb5 44. h4 Rd4 45. Rg5+ Ka4 46. Bg6 Rxh4 47. Rg3 Rc4 48. Bf7 c2 49. Bxc4 c1=Q+ 0-1

[Event "Early-Titled-Tuesday-Blitz-March-05-2024"]
[Site "Chess.com"]
[Date "2024.03.05"]
[Round "5"]
[White "VinzentSpitzl"]
[Black "DanielTitichoca"]
[Result "1-0"]
[WhiteElo "2537"]
[BlackElo "2375"]
[TimeControl "180+1"]
[EndTime "8:58:00 PST"]
[Termination "VinzentSpitzl won on time"]

1. e4 c5 2. Nf3 Nc6 3. d4 cxd4 4. Nxd4 g6 5. c4 Bg7 6. Be3 Qb6 7. Nb5 Qd8 8. N1c3 Nf6 9. Be2 O-O 10. O-O d6 11.
Qd2 a6 12. Nd4 Bd7 13. Rab1 Rc8 14. Nxc6 Bxc6 15. f3 a5 16. b3 Nd7 17. a3 f5 18.
exf5 Rxf5 19. b4 Ne5 20. Nd5 Kh8 21. Bb6 Qd7 22. Bxa5 Bxd5 23. cxd5 Qa4 24. Rfc1 Rcf8 25. Rc7 Qxa3 26. Rxe7 Bf6 27. Rxb7 Bg5 28. Qb2 Qe3+ 29. Kh1 Bf6 30. Qc2 Rh5 31. Bb6 Qf4 32. Bg1 1-0

[Event "Early-Titled-Tuesday-Blitz-March-05-2024"]
[Site "Chess.com"]
[Date "2024.03.05"]
[Round "5"]
[White "TheAlienParty"]
[Black "NarminSoyunlu"]
[Result "1-0"]
[WhiteElo "2391"]
[BlackElo "2187"]
[TimeControl "180+1"]
[EndTime "8:58:00 PST"]
[Termination "TheAlienParty won by resignation"]

1. c4 Nf6 2. Nc3 e6 3. e4 d5 4. e5 Nfd7 5. cxd5 Nxe5 6. dxe6 Bxe6 7. d4 Ned7 8. Nf3 c6 9. Bd3 Bb4 10. h4 Nf6 11. Ng5 Bg4 12. Qb3 Qe7+ 13. Be3 a5 14. a3 Bd6 15. Bc4 O-O 16. O-O b5 17. Bd3 h6 18.
Nge4 Nxe4 19. Nxe4 Bc7 20. g3 Bf3 21. Qc2 Qd7 22. Nd2 Bd5 23. Be4 Re8 24. Bxd5 Qxd5 25. Qc5 Rd8 26. Rac1 Bd6 27. Qxd5 cxd5 28. Nb3 Re8 29.
Kg2 Ra7 30. Kf3 a4 31. Nc5 Rc7 32. Nd3 Nd7 33. Rxc7 Bxc7 34. Rc1 Bb8 35. Rc6 Nf6 36. Rb6 Ba7 37. Rxb5 Rc8 38. Ra5 Bb6 39. Rxa4 Rc2 40. b4 Rc4 41. Ne5 Rc3 42. Ke2 Rb3 43. Ra6 Rb2+ 44.
Kf3 Bc7 45. Ra7 Bd6 46. Nd7 Ne4 47. Nc5 Nd2+ 48. Bxd2 Rxd2 49. Rd7 Bxc5 50. dxc5 d4 51. c6 d3 52. c7 Rc2 53. Rd8+ Kh7 54. c8=Q 1-0

[Event "Early-Titled-Tuesday-Blitz-March-05-2024"]
[Site "Chess.com"]
[Date "2024.03.05"]
[Round "5"]
[White "Bkmzzzzz"]
[Black "IvanSoriano1"]
[Result "0-1"]
[WhiteElo "2430"]
[BlackElo "2576"]
[TimeControl "180+1"]
[EndTime "8:58:04 PST"]
[Termination "IvanSoriano1 won by resignation"]

1. e4 e5 2. Nf3 Nc6 3. Nc3 Nf6 4. d4 exd4 5. Nxd4 Bb4 6. Nxc6 bxc6 7. Bd3 d5 8. exd5 O-O 9. O-O cxd5 10. Bg5 c6 11. Na4 Bd6 12. c3 Rb8 13. b4 Re8 14. Nc5 d4 15.
Ne4 Be7 16. Bxf6 Bxf6 17. a3 Be7 18. cxd4 Qxd4 19. Rc1 Bf5 20. Qf3 Bg6 21. Rfd1 Rbd8 22. h3 Bf8 23. Nc5 Qb2 24. Bxg6 hxg6 25. Qxc6 Qxa3 26.
Ra1 Qxb4 27. Nd7 a5 28. Qa6 Ra8 29. Qc6 a4 30. Rdb1 Qd4 31. Nb6 Rab8 32. Rxa4 Qe5 33. Raa1 Bd6 34. g3 Bc5 35. Nc4 Qxg3+ 36. Qg2 Bxf2+ 37.
Kf1 Qd3+ 38. Kxf2 Re2+ 0-1

[Event "Early-Titled-Tuesday-Blitz-March-05-2024"]
[Site "Chess.com"]
[Date "2024.03.05"]
[Round "5"]
[White "amylazy"]
[Black "Orest_Vovk"]
[Result "1-0"]
[WhiteElo "2414"]
[BlackElo "2549"]
[TimeControl "180+1"]
[EndTime "8:58:04 PST"]
[Termination "amylazy won on time"]

1. d4 h6 2. Nf3 g5 3. Nc3 Bg7 4. e4 c5 5. Be3 Nc6 6. d5 g4 7. Nh4 Nd4 8. Bxd4 cxd4 9. Qxg4 Be5 10. Ne2 Qa5+ 11. Kd1 d6 12. Nf5 Nf6 13. Qf3 d3 14. Qxd3 Bxb2 15. Rb1 Be5 16. Ned4 Qxa2 17. Qb5+ Bd7 18. Qxb7 O-O 19. Bd3 Rfb8 20. Qxb8+ Rxb8 21. Rxb8+ Kh7 22. Ke2 Qa4 23. c3 Bxf5 24. Nxf5 Nxe4 25. Ng3 f5 26. Nxf5 Nxc3+ 27. Kd2 Qf4+ 28. Ne3+ Kg7 29. f3 Qd4 30. Nf5+ Kf6 31. Nxd4 1-0

[Event "Early-Titled-Tuesday-Blitz-March-05-2024"]
[Site "Chess.com"]
[Date "2024.03.05"]
[Round "5"]
[White "Elsa167"]
[Black "jk13"]
[Result "0-1"]
[WhiteElo "2912"]
[BlackElo "2699"]
[TimeControl "180+1"]
[EndTime "8:58:05 PST"]
[Termination "jk13 won on time"]

1. d4 Nf6 2. c4 e6 3. Nf3 Bb4+ 4.
Bd2 Bxd2+ 5. Qxd2 O-O 6. Nc3 d5 7. g3 c6 8. Qd3 Nbd7 9. Bg2 b6 10. cxd5 cxd5 11. O-O Bb7 12. Rfc1 Qe7 13. Rc2 Rfc8 14. Rac1 a6 15. Ne5 Nxe5 16. dxe5 Nd7 17. f4 h6 18. e3 Rc5 19. Ne2 Rac8 20. Nd4 Rxc2 21. Rxc2 Rxc2 22. Qxc2 Qb4 23. Kf2 Nc5 24. a3 Qxb2 25.
Qxb2 Nd3+ 26. Ke2 Nxb2 27. Nc2 Bc6 28. Kd2 Nc4+ 29. Kd3 Ba4 30. Nb4 Nxa3 31. e4 a5 32. Na2 dxe4+ 33. Kc3 Bc6 34. Kb3 Nb5 35. Bf1 Nd4+ 36.
Kc3 Nf3 37. h4 b5 38. Kb2 b4 39. Nc1 Bd5 40. Ne2 Bc4 0-1

[Event "Early-Titled-Tuesday-Blitz-March-05-2024"]
[Site "Chess.com"]
[Date "2024.03.05"]
[Round "5"]
[White "ozates"]
[Black "emeli_chess"]
[Result "1-0"]
[WhiteElo "2602"]
[BlackElo "2433"]
[TimeControl "180+1"]
[EndTime "8:58:05 PST"]
[Termination "ozates won by resignation"]

1. c4 e6 2. g3 d5 3. Bg2 d4 4.
Nf3 c5 5. O-O Nc6 6. d3 e5 7. a3 Bd6 8. b4 Nge7 9. Nbd2 O-O 10.
Ne4 b6 11. Nxd6 Qxd6 12. b5 Na5 13. Nxe5 Qxe5 14. Bxa8 Nb7 15. Bf4 Qf6 16. e4 Ng6 17.
Qd2 Qe7 18. a4 Bh3 19. Bxb7 Bxf1 20. Bd5 Bh3 21. a5 Qf6 22. axb6 axb6 23. Bg5 Qf3 24. e5 Qh5 25. Re1 Re8 26. Bf4 Qg4 27. Qe2 Qc8 28. Qh5 Bg4 29. Qg5 Bh3 30. Bd2 Qc7 31. f4 Qa7 32. f5 Nxe5 33. f6 Nf3+ 34. Bxf3 Rxe1+ 35.
Bxe1 g6 36. Qh6 1-0

[Event "Early-Titled-Tuesday-Blitz-March-05-2024"]
[Site "Chess.com"]
[Date "2024.03.05"]
[Round "5"]
[White "iJueles"]
[Black "arnash_bauyrzhan"]
[Result "1-0"]
[WhiteElo "2482"]
[BlackElo "2320"]
[TimeControl "180+1"]
[EndTime "8:58:06 PST"]
[Termination "iJueles won on time"]

1. d4 d5 2. Nf3 Nf6 3. Bg5 e6 4. Nbd2 Be7 5. e3 O-O 6. c3 h6 7. Bh4 b6 8. Bd3 Bb7 9. O-O c5 10. Ne5 Nbd7 11. f4 Ne4 12. Bxe7 Qxe7 13. Qc2 Nxe5 14.
fxe5 f5 15. exf6 Nxf6 16. Nf3 Ne4 17. Bxe4 dxe4 18. Ne5 Qg5 19. Qe2 cxd4 20. exd4 Rf5 21. Rxf5 exf5 22. Rf1 Rf8 23. c4 e3 24. d5 f4 25. Nd3 Bc8 26. Qf3 Bg4 27. Qe4 f3 28. g3 f2+ 29. Nxf2 exf2+ 30. Rxf2 Rxf2 31. Kxf2 Qf5+ 32. Qxf5 Bxf5 33. Ke3 Kf7 34. Kf4 Bd7 35. Ke5 Ke7 36. b4 Bg4 37. c5 bxc5 38. bxc5 Kd7 39. h4 Kc7 40. a3 g5 41. hxg5 hxg5 42. Kf6 Bf3 43. Ke5 g4 44. Ke6 Bd1 45. d6+ Kc6 46.
Ke7 Bb3 47. d7 1-0

[Event "Early-Titled-Tuesday-Blitz-March-05-2024"]
[Site "Chess.com"]
[Date "2024.03.05"]
[Round "5"]
[White "RantomOpening"]
[Black "KorolDimitriy75"]
[Result "1-0"]
[WhiteElo "2582"]
[BlackElo "2437"]
[TimeControl "180+1"]
[EndTime "8:58:07 PST"]
[Termination "RantomOpening won on time"]

1. c4 c5 2. Nf3 g6 3. e3 Bg7 4.
Nc3 Nf6 5. d3 O-O 6. Be2 Nc6 7.
O-O d5 8. cxd5 Nxd5 9. Qc2 b6 10. a3 Bb7 11. e4 Nc7 12. Bf4 Ne6 13. Bg3 Ned4 14.
Qd1 Nxf3+ 15. Bxf3 Nd4 16. Bf4 Qd7 17. Be3 Rfd8 18.
Bg4 e6 19. f4 f5 20. Bh3 Nb5 21. Qb3 Nxc3 22. bxc3 Qxd3 23. Qxe6+ Kh8 24. exf5 Re8 25. Bf2 Rxe6 26. fxe6 Bxc3 27. Rad1 Qb5 28. Bh4 Re8 29. e7 Qc6 30. Rd8 Bd4+ 31. Kh1 Kg7 32. Rxe8 Qxe8 33. f5 1-0

[Event "Early-Titled-Tuesday-Blitz-March-05-2024"]
[Site "Chess.com"]
[Date "2024.03.05"]
[Round "5"]
[White "Andrey_Klymchuk"]
[Black "LeoLV10"]
[Result "0-1"]
[WhiteElo "2689"]
[BlackElo "2496"]
[TimeControl "180+1"]
[EndTime "8:58:08 PST"]
[Termination "LeoLV10 won by checkmate"]

1. e4 c6 2. d4 d5 3. e5 Bf5 4. Nc3 e6 5. g4 Bg6 6. Nge2 Ne7 7.
f4 h5 8. f5 exf5 9. g5 Na6 10.
Nf4 Nc7 11. Be3 Ne6 12. Nce2 Qb6 13. Bh3 Rd8 14. O-O Nxg5 15. Bg2 Ne6 16. h4 Ng8 17. c4 dxc4 18. Qc1 Nh6 19. Qxc4 Nxf4 20. Bxf4 Be7 21.
Kh1 Ng4 22. Qc3 O-O 23. Bg3 Bb4 24. Qf3 Bd2 25. Rad1 Bh6 26. Bf4 Bxf4 27. Nxf4 Rxd4 28.
Rxd4 Qxd4 29. e6 Ne3 30. Re1 Nxg2 31. Kxg2 Re8 32. Qg3 Qf6 33. exf7+ Bxf7 34. Rxe8+ Bxe8 35. Qe3 Bf7 36. Qf2 Qe5 37. Kg3 Qf6 38. Qxa7 Qxb2 39. Qb8+ Kh7 40. Qc7 Qc3+ 41. Kh2 Qd2+ 42. Kg3 Qe3+ 43.
Kh2 Bd5 44. Qd6 Qf2+ 45. Kh3 Qf3+ 46. Kh2 Qf2+ 47. Kh3 Qf3+ 48. Kh2 Qg4 49. Nh3 Qg2# 0-1

[Event "Early-Titled-Tuesday-Blitz-March-05-2024"]
[Site "Chess.com"]
[Date "2024.03.05"]
[Round "5"]
[White "Azalea95"]
[Black "JohnWhite1952"]
[Result "1-0"]
[WhiteElo "2343"]
[BlackElo "1992"]
[TimeControl "180+1"]
[EndTime "8:58:08 PST"]
[Termination "Azalea95 won by checkmate"]

1. e4 c5 2. Nc3 Nc6 3. g3 g6 4. Bg2 Bg7 5. d3 d6 6. Be3 e6 7. Qd2 Nge7 8. Nge2 O-O 9. O-O a6 10. Bh6 Bd7 11. Bxg7 Kxg7 12. f4 Nd4 13. Nd1 b5 14.
Nc1 Rb8 15. c3 Ndc6 16. Ne3 f5 17. Ne2 e5 18. d4 Qb6 19. dxe5 fxe4 20. exd6 Nf5 21.
Nd5 Qa7 22. Bxe4 c4+ 23. Kh1 Nxd6 24. Bf3 Nf5 25. Rad1 Be6 26. Rfe1 Rbd8 27. Ng1 Rfe8 28. Qc1 Bxd5 29. Rxd5 Rxe1 30. Qxe1 Rxd5 31. Bxd5 Nce7 32.
Qe5+ Kh6 33. Bf3 Qf2 34. g4 Nh4 35. g5# 1-0

[Event "Early-Titled-Tuesday-Blitz-March-05-2024"]
[Site "Chess.com"]
[Date "2024.03.05"]
[Round "5"]
[White "BashirliSaadat"]
[Black "Herzog2012"]
[Result "0-1"]
[WhiteElo "2354"]
[BlackElo "2501"]
[TimeControl "180+1"]
[EndTime "8:58:09 PST"]
[Termination "Herzog2012 won by resignation"]

1. Nf3 Nf6 2. g3 b5 3. Bg2 Bb7 4. O-O e6 5. d3 c5 6. e4 d6 7. Re1 Be7 8. Be3 O-O 9. a4 a6 10.
axb5 axb5 11. Rxa8 Bxa8 12. c3 c4 13. dxc4 bxc4 14.
Nfd2 Nbd7 15. Na3 Ne5 16. Naxc4 Nxc4 17. Nxc4 Bxe4 18. Bxe4 Nxe4 19. Bb6 Qa8 20. Qf3 d5 21. Ne5 Qb7 22. Bd4 Qxb2 23. Nc6 Bf6 24. Bxf6 Nxf6 25. Re2 Qb1+ 26. Kg2 Re8 27. g4 h6 28. h3 Qb5 29.
Nd4 Qc4 30. Rb2 Ne4 31. Nb5 Rc8 32. Rb4 Qc5 33. Rb3 Nd2 34. Qd1 Nxb3 35. Qxb3 Rb8 0-1

[Event "Early-Titled-Tuesday-Blitz-March-05-2024"]
[Site "Chess.com"]
[Date "2024.03.05"]
[Round "5"]
[White "Elprofessor21"]
[Black "kleinebeer98"]
[Result "0-1"]
[WhiteElo "2665"]
[BlackElo "2896"]
[TimeControl "180+1"]
[EndTime "8:58:11 PST"]
[Termination "kleinebeer98 won by resignation"]

1. d4 Nf6 2. Nf3 Nc6 3. Bf4 d6 4. c3 Bg4 5. Nbd2 g6 6. h3 Bxf3 7. Nxf3 Bg7 8. e4 O-O 9. Qc2 e5 10. dxe5 dxe5 11. Bg5 Qd6 12. Rd1 Qc5 13. Be2 Nh5 14. Be3 Qe7 15. b4 Nf4 16. O-O Rfd8 17. Bc4 Qf6 18. Kh2 a6 19. a4 h5 20. Rxd8+ Rxd8 21. Rd1 Rxd1 22. Qxd1 g5 23. Qd7 Ne7 24. Bc5 Neg6 25.
Qe8+ Bf8 26. Bxf8 Nxf8 27. Nxe5 Ne6 28. Nd7 Qf4+ 29. Kg1 Qc1+ 30. Kh2 Qf4+ 31. Kg1 Kg7 32. Nxf8 Nxf8 33. Bf1 Ne6 34. Qc8 g4 35. hxg4 hxg4 36. Qxb7 g3 37. Qa7 Qd2 38. Qe3 gxf2+ 39. Qxf2 Qxc3 40.
b5 a5 41. Qe2 Qd4+ 42. Kh2 Qxa4 43. Qg4+ Kf8 44. Qh4 Qa1 45. Qh6+ Ke7 46. Qh4+ Kd7 47. Qf2 Qe5+ 48. g3 a4 49. Qd2+ Nd4 50. Qb2 Nf3+ 0-1

[Event "Early-Titled-Tuesday-Blitz-March-05-2024"]
[Site "Chess.com"]
[Date "2024.03.05"]
[Round "5"]
[White "GMKrikor"]
[Black "bescmelasti"]
[Result "0-1"]
[WhiteElo "2859"]
[BlackElo "2661"]
[TimeControl "180+1"]
[EndTime "8:58:11 PST"]
[Termination "bescmelasti won by resignation"]

1. Nf3 c5 2. c4 Nc6 3. Nc3 Nf6 4.
d4 cxd4 5. Nxd4 e6 6. e4 Bb4 7. Nxc6 bxc6 8. Bd3 e5 9. O-O O-O 10. h3 d6 11. Be3 Bxc3 12. bxc3 c5 13. f4 Nd7 14. f5 Rb8 15. Rf2 Ba6 16. Qa4 Rb6 17.
Rd2 Qc7 18. Rad1 Rfb8 19. Be2 Nf6 20. Bf3 Bb7 21. Qa5 Nxe4 22. Bxe4 Bxe4 23. Rxd6 Bxf5 24. Bxc5 Rxd6 25. Qxc7 Rxd1+ 26. Kh2 Re8 27. Bxa7 Rd2 28. Be3 Rxa2 29. Qc6 Raa8 30. c5 Rac8 31. Qf3 Bd7 32. h4 Bc6 33. Qg3 Re6 34. h5 h6 35.
Qg4 Rd8 36. Kg1 Rd3 37. Kf2 Rxc3 38. Qf5 Rc4 39. g4 Rf6 0-1

[Event "Early-Titled-Tuesday-Blitz-March-05-2024"]
[Site "Chess.com"]
[Date "2024.03.05"]
[Round "5"]
[White "Rawnsdale"]
[Black "Bekkedahl"]
[Result "0-1"]
[WhiteElo "2486"]
[BlackElo "2191"]
[TimeControl "180+1"]
[EndTime "8:58:11 PST"]
[Termination "Bekkedahl won by resignation"]

1. e4 c5 2. Nf3 g6 3. d4 cxd4 4. Nxd4 Nc6 5. Nc3 Nf6 6. Be3 Bg7 7. Bc4 O-O 8. Bb3 a5 9. O-O a4 10. Bc4 Nxe4 11. Nd5 e6 12. Nxc6 bxc6 13. Bb6 Qh4 14. Ne3 Bxb2 15. g3 Qf6 16. Ng4 Qg7 17. Rb1 Nc3 18. Qf3 Nxb1 19. Rxb1 h5 20. Ne3 d5 21. Bf1 Ba6 22. Bg2 Rab8 23. Bc5 Rfe8 24. Rd1 Qf6 25.
g4 Qxf3 26. Bxf3 hxg4 27. Nxg4 f5 28. Ne3 e5 29. h4 d4 30. Nf1 e4 31. Bg2 d3 32. cxd3 exd3 33. Ne3 Be5 34. Bxc6 Rec8 35. Bd5+ Kg7 36. Be7 Rb2 37. Bg5 Bd4 38. h5 Bxe3 39.
Bxe3 Rcc2 40. h6+ Kh7 41. Kg2 d2 42. Kf3 Bb7 43. Bxb7 Rxb7 44. Bxd2 Rd7 45. Ke2 Rdxd2+ 46. Rxd2 Rxd2+ 47. Kxd2 Kxh6 48. Kc3 g5 49. Kb4 g4 50. Kxa4 f4 51. Kb5 g3 52. fxg3 fxg3 53. a4 g2 54.
a5 g1=Q 55. Ka6 Qc5 56. Kb7 Qb5+ 0-1

[Event "Early-Titled-Tuesday-Blitz-March-05-2024"]
[Site "Chess.com"]
[Date "2024.03.05"]
[Round "5"]
[White "bancsoo"]
[Black "LangesNasenhaar"]
[Result "1-0"]
[WhiteElo "2915"]
[BlackElo "2523"]
[TimeControl "180+1"]
[EndTime "8:58:12 PST"]
[Termination "bancsoo won by resignation"]

1. Nf3 g6 2. d4 Bg7 3. c4 d6 4. g3 c6 5. Bg2 Nf6 6. Nc3 Bf5 7. Ng5 O-O 8. O-O h6 9. e4 Bg4 10. f3 Bd7 11. Nh3 e5 12. d5 cxd5 13. cxd5 Na6 14.
Be3 b6 15. Nf2 Rc8 16. Rc1 Nc5 17. b4 Nb7 18. Qd2 Kh7 19. Nd3 a5 20. a3 Nh5 21.
Qf2 b5 22. Bb6 Qg5 23. bxa5 Ra8 24. Bc7 Nxa5 25. Bxd6 Rfe8 26. Bb4 Nc4 27. Nc5 Red8 28. Nxd7 Rxd7 29. Nxb5 Rb7 30. Rxc4 Rxb5 31. Rc7 Kg8 32. d6 Nf6 33. Rd1 Rd8 34. Qa2 Rd7 35. Rxd7 Nxd7 36. Qc4 Qe3+ 37. Kh1 Rb8 38. Qc7 Qe2 39. Re1 Qb5 40. Bf1 Qb7 41. Qxb7 Rxb7 42. Rc1 Bf8 43. Rc7 Rxc7 44. dxc7 Nb6 45. Ba6 Bxb4 46. axb4 1-0

[Event "Early-Titled-Tuesday-Blitz-March-05-2024"]
[Site "Chess.com"]
[Date "2024.03.05"]
[Round "5"]
[White "Viktor_Poddubnyi"]
[Black "GreenPeach24"]
[Result "0-1"]
[WhiteElo "2275"]
[BlackElo "2470"]
[TimeControl "180+1"]
[EndTime "8:58:12 PST"]
[Termination "GreenPeach24 won on time"]

1. e4 c6 2. d4 d5 3. exd5 cxd5 4. c4 Nc6 5. cxd5 Qxd5 6. Nf3 e6 7. Nc3 Qd8 8. Bc4 Nf6 9. O-O Nd5 10. Re1 Be7 11. a3 Nxc3 12. bxc3 O-O 13. Qe2 Bd6 14. Bd3 Ne7 15.
Ne5 Ng6 16. Nc4 Bc7 17. a4 b6 18. Be4 Rb8 19. Qf3 Ba6 20. Ne3 Qh4 21. g3 Qd8 22.
Bd2 e5 23. Nf5 exd4 24. cxd4 Bc8 25. Rac1 Be6 26. d5 Ne5 27. Qa3 Bxf5 28. Bxf5 Bd6 29. Qb2 Nf3+ 30. Kg2 Nxe1+ 31. Rxe1 Re8 32. Rc1 Bc5 33.
Bc3 Qxd5+ 34. Kg1 Qxf5 35. Bxg7 Qg6 36. Bf6 Re6 0-1

[Event "Early-Titled-Tuesday-Blitz-March-05-2024"]
[Site "Chess.com"]
[Date "2024.03.05"]
[Round "5"]
[White "AccioChess"]
[Black "FischerKasparow"]
[Result "1-0"]
[WhiteElo "2352"]
[BlackElo "2076"]
[TimeControl "180+1"]
[EndTime "8:58:12 PST"]
[Termination "AccioChess won on time"]

1. e4 c5 2. Nf3 d6 3. c3 Nf6 4. Be2 Nbd7 5. d3 g6 6. O-O Bg7 7. Nbd2 O-O 8. d4 b6 9. Re1 Bb7 10. Bd3 e6 11. e5 dxe5 12. dxe5 Nd5 13. Nc4 Qc7 14. Qe2 b5 15. Nd6 c4 16. Bc2 Nxe5 17. Nxb7 Nxf3+ 18. Qxf3 Qxb7 19. h4 h5 20. Bg5 a5 21.
Be4 Rfe8 22. Red1 b4 23. Bxd5 exd5 24. Rxd5 bxc3 25. bxc3 Qb2 26. Rad1 Qxc3 27. Qf4 Re1+ 28. Rxe1 Qxe1+ 29. Kh2 c3 30. Rc5 Re8 31. Bf6 Bxf6 32.
Qxf6 Qd2 33. Rxc3 Qxa2 34. Rc7 Rf8 35. Ra7 a4 36. Qd4 a3 37. Qc5 Qe6 38. Rxa3 Qg4 39. g3 Qe2 40. Ra7 Qf1 41. Qe3 Qd1 42. Qf4 Qe1 43. Qf6 Qe2 44. Kg2 1-0

[Event "Early-Titled-Tuesday-Blitz-March-05-2024"]
[Site "Chess.com"]
[Date "2024.03.05"]
[Round "5"]
[White "Joachim100x"]
[Black "Mariia89"]
[Result "1-0"]
[WhiteElo "2477"]
[BlackElo "2267"]
[TimeControl "180+1"]
[EndTime "8:58:13 PST"]
[Termination "Joachim100x won on time"]

1. Nc3 c5 2. e4 Nc6 3. Nge2 g6 4. d4 cxd4 5. Nxd4 Bg7 6. Be3 f6 7. Bc4 Nh6 8. f3 Nf7 9. Qd2 O-O 10. h4 h5 11. O-O-O a6 12. g4 Qa5 13. gxh5 Qxh5 14. Rdg1 b5 15. Bd5 Bb7 16. Nf5 Rfe8 17. Nxg7 Kxg7 18.
f4 e6 19. Bb3 Na5 20. f5 Nxb3+ 21. axb3 exf5 22. Qxd7 Bxe4 23. Nxe4 Rxe4 24. Bd2 Rd8 25. Qc7 Rxd2 26. Kxd2 Qe2+ 27. Kc1 Re7 28. Qg3 Ne5 29.
h5 g5 30. h6+ Kh7 31. Re1 Qg4 32. Qc3 Qf4+ 33. Kb1 Rd7 34. Rhf1 Qg4 35. Ka2 b4 36. Qc8 Qd4 37. Rxe5 fxe5 38. Rxf5 Qd6 39. Rxg5 Kxh6 40. Rg1 1-0

[Event "Early-Titled-Tuesday-Blitz-March-05-2024"]
[Site "Chess.com"]
[Date "2024.03.05"]
[Round "5"]
[White "Ajedrez_con_German"]
[Black "Knightmare1014"]
[Result "1-0"]
[WhiteElo "2579"]
[BlackElo "2318"]
[TimeControl "180+1"]
[EndTime "8:58:13 PST"]
[Termination "Ajedrez_con_German won by resignation"]

1. Nf3 d5 2. e3 Nf6 3. b3 Bf5 4. Bb2 e6 5. Be2 c6 6. O-O Be7 7. c4 h6 8. cxd5 exd5 9. d3 O-O 10. a3 Nbd7 11. Re1 Bh7 12. Nbd2 a5 13. Qc2 Qc7 14. Bf1 Bd6 15. Bc3 Ne5 16. Nxe5 Bxe5 17. Bxe5 Qxe5 18. Nf3 Qd6 19. Qb2 Rfe8 20. b4 Nd7 21. h3 Qc7 22. Rec1 Nb6 23. Qb3 a4 24. Qb2 Qd6 25. Qd4 Nc8 26.
Rab1 Na7 27. Qb2 Nb5 28. Nd4 Nxd4 29. Qxd4 b5 30. Rc5 Rac8 31. Rbc1 Rc7 32. Qc3 Rec8 33. d4 Bf5 34. Bxb5 Bd7 35. Be2 Qg6 36. Kh1 f5 37. b5 Qd6 38. Bf3 Kh7 39. Bxd5 cxd5 40.
Rxc7 Rxc7 41. Qxc7 Qxc7 42. Rxc7 Bxb5 43. Kg1 Bc4 44.
Rc6 Kg8 45. f3 Kf7 46. Kf2 Bb3 47. g4 fxg4 48. hxg4 Ke7 49. Kg3 Kf7 50. Kf4 Ke7 51. e4 dxe4 52. fxe4 g5+ 53. Ke5 Kf7 54. Rxh6 Kg7 55.
Ra6 Bc2 56. d5 Bd1 57. d6 1-0

[Event "Early-Titled-Tuesday-Blitz-March-05-2024"]
[Site "Chess.com"]
[Date "2024.03.05"]
[Round "5"]
[White "2KTNGO"]
[Black "ChessBliss09"]
[Result "1-0"]
[WhiteElo "2502"]
[BlackElo "2193"]
[TimeControl "180+1"]
[EndTime "8:58:13 PST"]
[Termination "2KTNGO won by checkmate"]

1. d4 Nf6 2. Nf3 d5 3. c4 c6 4. Qc2 e6 5. Nbd2 Nbd7 6. g3 dxc4 7. Nxc4 Nb6 8. Nce5 Bb4+ 9. Bd2 Bxd2+ 10. Qxd2 O-O 11. Bg2 a5 12. O-O Nbd5 13. a3 Nd7 14. Nd3 Qe7 15. e4 N5f6 16. Rfe1 c5 17. Rac1 cxd4 18. Nxd4 Nb6 19.
Nc5 e5 20. Nf5 Bxf5 21. exf5 Rad8 22. Qxa5 Nbd5 23. Qb5 b6 24. Na4 e4 25. Nc3 Nxc3 26. Rxc3 Rd5 27. Qxb6 Rxf5 28. h3 Re8 29. Qc7 Qe6 30. Qc6 Qe7 31. b4 Nd5 32. Rxe4 Re5 33. Qxd5 Rxe4 34. Bxe4 g6 35. Re3 Qa7 36. Bxg6 Rxe3 37.
Qxf7+ Qxf7 38. Bxf7+ Kxf7 39. fxe3 Ke6 40. b5 Ke5 41. a4 Kd5 42. a5 Kc5 43. b6 Kc6 44. e4 Kb7 45. e5 Ka6 46. e6 Kb7 47. e7 Ka6 48. e8=R Kb7 49. Re7+ Ka6 50. Ra7+ Kb5 51. b7 Ka4 52. b8=Q Ka3 53. a6 h5 54. Rc7 h4 55. a7 hxg3 56. a8=R# 1-0

[Event "Early-Titled-Tuesday-Blitz-March-05-2024"]
[Site "Chess.com"]
[Date "2024.03.05"]
[Round "5"]
[White "Aleksandar-Topalov"]
[Black "maurovargas01"]
[Result "1-0"]
[WhiteElo "2340"]
[BlackElo "1844"]
[TimeControl "180+1"]
[EndTime "8:58:16 PST"]
[Termination "Aleksandar-Topalov won on time"]

1. b3 e5 2. Bb2 Nc6 3. e3 f5 4.
Bb5 d6 5. d4 e4 6. d5 a6 7. Bxc6+ bxc6 8. dxc6 Ne7 9. Ne2 Nxc6 10.
Qd5 Bb7 11. Qxf5 Ne7 12. Qh5+ g6 13. Qh4 Rg8 14. Qxh7 Bd5 15. Nf4 Bf7 16. Qh3 Nf5 17. Na3 Bg7 18. Bxg7 Rxg7 19. Qh8+ Rg8 20. Qc3 a5 21.
O-O-O a4 22. Kb2 axb3 23. axb3 Qb8 24. Nd5 Bxd5 25. Rxd5 Qa7 26. Ra1 Kd7 27. Rdd1 Qb7 28. Nc4 Rae8 29. Ne5+ Ke6 30. Nc6 Ne7 31. Nxe7 Rxe7 32.
Ra5 Kd7 33. Rad5 Ra8 34. Qf6 1-0

[Event "Early-Titled-Tuesday-Blitz-March-05-2024"]
[Site "Chess.com"]
[Date "2024.03.05"]
[Round "5"]
[White "Mikasinski"]
[Black "Hope_6"]
[Result "0-1"]
[WhiteElo "2622"]
[BlackElo "2827"]
[TimeControl "180+1"]
[EndTime "8:58:17 PST"]
[Termination "Hope_6 won on time"]

1. e4 c6 2. d4 d5 3. e5 Bf5 4. Bd3 Bxd3 5. Qxd3 e6 6. h4 c5 7. c3 Nc6 8. Nf3 Qb6 9. O-O h5 10. dxc5 Bxc5 11. b4 Be7 12. a4 Nh6 13. a5 Qc7 14. Re1 Nf5 15. Bg5 Bxg5 16. hxg5 g6 17. Na3 a6 18.
Nc2 O-O 19. Ncd4 Ncxd4 20. Nxd4 Nxd4 21. cxd4 Rfc8 22. Rab1 Qc3 23. Qd1 Rc4 24. b5 axb5 25.
Rxb5 Rxa5 26. Rxb7 Ra2 27. Qb1 Qc2 28. Qxc2 Rcxc2 29.
Rf1 Rd2 30. Rb4 Kg7 31. g3 Ra3 32. Kg2 Rad3 33. Ra1 Rc2 34. Ra7 Rdd2 35. Rb8 Rxf2+ 36. Kg1 Rg2+ 37. Kf1 Rcf2+ 38. Ke1 Ra2 39. Rxa2 Rxa2 40. Rb3 Rh2 41. Rf3 h4 42. g4 Rg2 43. Rf4 h3 44. Kf1 Rg3 45. Kf2 h2 0-1

[Event "Early-Titled-Tuesday-Blitz-March-05-2024"]
[Site "Chess.com"]
[Date "2024.03.05"]
[Round "5"]
[White "only_strong_moves"]
[Black "Al_Shima"]
[Result "1-0"]
[WhiteElo "2571"]
[BlackElo "2423"]
[TimeControl "180+1"]
[EndTime "8:58:17 PST"]
[Termination "only_strong_moves won on time"]

1. e4 c5 2. Nf3 e6 3. d4 cxd4 4. Nxd4 a6 5. c4 Bc5 6. Nc2 Nc6 7. Nc3 Nf6 8. Be2 O-O 9. O-O Qe7 10. Be3 d6 11.
Re1 Rd8 12. f3 h6 13. Qd2 Ne5 14. b4 Bxe3+ 15. Nxe3 b6 16. Qd4 Qc7 17. Na4 Rb8 18. Rac1 Bd7 19. Nc3 Nc6 20. Qd2 Nxb4 21. a3 Nc6 22.
Ncd5 exd5 23. cxd5 Qb7 24. dxc6 Bxc6 25. Nf5 Rbc8 26. Qf4 Ne8 27. Qg3 Kh8 28. Bd3 d5 29.
e5 Qd7 30. Qg4 Bb5 31. Bb1 Rc4 32. Rxc4 Bxc4 33. e6 fxe6 34. Qg6 Kg8 35. Nxh6+ Kf8 36. Ng4 Qf7 37. Qg5 Nf6 38. Ne5 Qc7 39. Ng6+ Kf7 40.
Ne5+ Kf8 41. h4 Qc5+ 42. Kh2 Qf2 43. Ng6+ Kf7 44. Rc1 Bf1 45. Nf4 Bc4 46. Qg6+ Ke7 47. Qxg7+ Kd6 48. Qxf6 Rg8 49. Qxe6+ Kc5 50. Qxg8 Qe3 51.
Nd3+ Kb5 52. Rc3 Ka5 53. Rxc4 dxc4 54. Qxc4 1-0